 Dungeon Crawl Stone Soup version 0.32-a0-953-g508020473e (webtiles) character file.

Game seed: 6201549703181908141

1018 Hubris850 the Shooter (level 8, -7/56 HPs)
             Began as a Coglin Hunter on Apr 16, 2024.
             Was an Initiate of Nemelex Xobeh.
             Mangled by Edmund
             ... wielding a +2 flail of protection
              (18 damage)
             ... on level 5 of the Dungeon.
             The game lasted 00:11:46 (3571 turns).

Hubris850 the Shooter (Coglin Hunter)               Turns: 3571, Time: 00:11:47

Health: -7/56      AC:  7    Str: 13    XL:     8   Next: 22%
Magic:  8/8        EV: 13    Int:  8    God:    Nemelex Xobeh [......]
Gold:   135        SH:  0    Dex: 19    Spells: 7/7 levels left

rFire   . . .        a - +3 sling (chaos) {Minoru}
rCold   . . .        m - +0 sling {Ramón}
rNeg    . . .        c - +0 leather armour
rPois   .            k - +2 helmet
rElec   .            j - +0 cloak
rCorr   .            (no gloves)
SInv    .            (no boots)
Will    .....        (amulet unavailable)
Stlth   +++          (ring unavailable)
HPRegen 0.29/turn    (ring unavailable)
MPRegen 0.11/turn    (no gizmo)

%: no passive effects
@: revved
A: off-hand wielding, slow wielding, warmup strikes, no jewellery
a: Invent Gizmo, Renounce Religion, Draw Escape, Draw Destruction, Draw
Summoning


You were on level 5 of the Dungeon.
You worshipped Nemelex Xobeh.
Nemelex Xobeh was noncommittal.
You visited 1 branch of the dungeon, and saw 5 of its levels.

You collected 135 gold pieces.

Inventory:

Hand Weapons
 a - a +3 sling of chaos (weapon) {Minoru}
 d - a +0 heavy sling {Paloma}
 m - a +0 sling (offhand) {Ramón}
Armour
 c - a +0 leather armour (worn)
 j - a +0 cloak (worn)
 k - a +2 helmet (worn)
Magical Staves
 f - a staff of fire
Wands
 s - a wand of flame (25)
Scrolls
 b - a scroll of butterflies
 e - a scroll of revelation
 o - a scroll of teleportation
Potions
 g - 2 potions of mutation {unknown}
 h - a potion of heal wounds {unknown}
 i - a potion of magic {unknown}
 l - a potion of haste {unknown}
 n - 2 potions of curing
 p - a potion of lignification {unknown}
 t - 2 potions of attraction {unknown}


   Skills:
 - Level 2.0 Fighting
 + Level 6.1 Ranged Weapons
 + Level 5.1 Dodging
 + Level 4.7 Stealth


You had 7 spell levels left.
You didn't know any spells.
Your spell library contained the following spells:

 Spells                   Type           Power      Damage    Failure   Level
 Scorch                   Fire           0%         2d5       63%         2
 Flame Wave               Conj/Fire      0%         2d4       99%         4
 Summon Cactus Giant      Summ           0%         N/A       100%        6


Dungeon Overview and Level Annotations

Branches:
Dungeon (5/15)             Temple (0/1) D:4

Altars:
Gozag
Nemelex Xobeh
Qazlal
Sif Muna
Vehumet

Shops:
D:3 (*[(

Annotations:
D:5 Edmund


Innate Abilities, Weirdness & Mutations

You can wield a second weapon in your off-hand.
It takes a long time for you to wield or remove held weapons.
Your first few attacks do less damage.
You cannot equip rings or amulets.


Message History

The sling bullet hits Edmund but does no damage.
Edmund is almost dead.
Edmund hits you with a +2 flail of protection!
* * * LOW HITPOINT WARNING * * *
Unknown command.
Unknown command.
Unknown command.
Fire: a) +3 sling (chaos) {Minoru}
Press: ? - help, Shift-Dir - straight line, f/p - Edmund
Aim: Edmund, wielding a +2 flail of protection and wearing a +0 leather armour (almost dead, strong, poisoned, 66% to hit)
Unknown command.
Unknown command.
You feel better.
Edmund hits you with a +2 flail of protection!
* * * LOW HITPOINT WARNING * * *
Fire: a) +3 sling (chaos) {Minoru}
Press: ? - help, Q - select action, (/) - cycle Shift-Dir - straight line, f/p - Edmund
Aim: Edmund, wielding a +2 flail of protection and wearing a +0 leather armour (almost dead, strong, poisoned, 66% to hit)
Okay, then.
Unknown command.
Fire: a) +3 sling (chaos) {Minoru}
Press: ? - help, Q - select action, (/) - cycle Shift-Dir - straight line, f/p - Edmund
Aim: Edmund, wielding a +2 flail of protection and wearing a +0 leather armour (almost dead, strong, poisoned, 66% to hit)
You shoot a sling bullet.
The sling bullet hits Edmund but does no damage.
Edmund is almost dead.
You shoot a sling bullet. The sling bullet barely misses Edmund.
Edmund closely misses you.
Fire: a) +3 sling (chaos) {Minoru}
Press: ? - help, Q - select action, (/) - cycle Shift-Dir - straight line, f/p - Edmund
Aim: Edmund, wielding a +2 flail of protection and wearing a +0 leather armour (almost dead, strong, poisoned, 66% to hit)
You shoot a sling bullet. The sling bullet barely misses Edmund.
You shoot a sling bullet.
The sling bullet hits Edmund but does no damage.
Edmund is almost dead.
Edmund hits you with a +2 flail of protection!!
You die...
Edmund says, "That'll show my brother!"
Your body disappears without a glow.

****,,,,,,,,,**,,,,,,,,,,**,,,
***,,,,,,,..,....#....,,,,**,,,,
*,,,,,,,,,,.##.......,,,,,,,*,,,
***,*,,,,,,,.........#,,...,,,,.
***,,,,,**,........#..........
*****,*,,,....,..##.......,.
*#,,,,#..**#.........,,,
#..###@## #........#,,,
#.....@.###........##,*
###......#.....#....#,,
####.........#....##.
**#..#.#.............
*#....###....#††......
#.....###..###........
#.........## #........
#..#......####..#.....
#######...##....[.....


You could see Edmund (strong, poisoned).

Vanquished Creatures
  Sigmund (D:3)
  A water moccasin (D:5)
  A black bear (D:5)
  An ogre (D:4)
  2 scorpions
  An orc priest (D:4)
  2 hounds
  Crazy Yiuf (D:3)
  Jessica (D:3)
  2 iguanas (D:5)
  A sleepcap (D:5)
  Ijyb (D:4)
  Robin (D:2)
  10 adders
  A river rat (D:4)
  2 ufetubi (D:5)
  3 dart slugs
  An orc (D:5)
  6 endoplasms
  3 giant cockroaches
  15 hobgoblins
  5 kobolds
  4 quokkas
  6 ball pythons
  7 bats
  5 frilled lizards
  15 goblins
  6 rats
105 creatures vanquished.

Notes
Turn   | Place    | Note
-------+----------+-------------------------------------------
     0 | D:1      | Hubris850 the Coglin Hunter began the quest for the Orb.
     0 | D:1      | Reached XP level 1. HP: 16/16 MP: 1/1
    74 | D:1      | Reached skill level 1 in Stealth
    75 | D:1      | Reached XP level 2. HP: 22/22 MP: 2/2
   286 | D:1      | Reached XP level 3. HP: 27/27 MP: 3/3
   352 | D:1      | Reached skill level 4 in Ranged Weapons
   430 | D:2      | Noticed Robin
   445 | D:2      | Killed Robin
   446 | D:2      | Reached XP level 4. HP: 20/33 MP: 4/4
   639 | D:2      | You fall into a shaft and drop 1 floor!
   671 | D:3      | Noticed Sigmund
   682 | D:3      | Killed Sigmund
   683 | D:3      | Reached XP level 5. HP: 11/38 MP: 5/5
   683 | D:3      | Reached XP level 6. HP: 13/44 MP: 6/6
   830 | D:3      | Found Erobit's Assorted Antiques.
   898 | D:3      | Noticed Jessica
   902 | D:3      | Killed Jessica
  1119 | D:2      | Reached skill level 5 in Ranged Weapons
  1478 | D:3      | Found Catzirr's Antique Weapon Shoppe.
  1619 | D:3      | Found Qewniwk's Weapon Shop.
  1704 | D:3      | Found Tiga's Antique Armour Emporium.
  2003 | D:3      | Found a runed translucent door.
  2004 | D:3      | Noticed Crazy Yiuf
  2015 | D:3      | Killed Crazy Yiuf
  2088 | D:3      | Identified the +1 hammer "Fuoluraev" {protect, Int+4 Dex+2}
  2309 | D:4      | Reached XP level 7. HP: 50/50 MP: 7/7
  2355 | D:4      | Noticed Ijyb
  2365 | D:4      | Killed Ijyb
  2531 | D:4      | Found a stormy altar of Qazlal.
  2572 | D:4      | Found a sparkling altar of Nemelex Xobeh.
  2572 | D:4      | Found an opulent altar of Gozag.
  2582 | D:4      | Became a worshipper of Nemelex Xobeh the Trickster
  2624 | D:4      | Found a staircase to the Ecumenical Temple.
  2790 | D:4      | Found a shimmering blue altar of Sif Muna.
  3194 | D:5      | Entered Level 5 of the Dungeon
  3303 | D:5      | Found a radiant altar of Vehumet.
  3319 | D:5      | Reached XP level 8. HP: 34/56 MP: 8/8
  3494 | D:5      | Reached skill level 6 in Ranged Weapons
  3494 | D:5      | Reached skill level 5 in Dodging
  3554 | D:5      | Noticed Edmund
  3571 | D:5      | Mangled by Edmund

Illustrated notes

Levels and vault maps discovered:
D:1:      dpeg_arrival_solitude, layout_rooms
D:2:      layout_loops_ring, uniq_robin
D:3:      layout_basic, serial_shops, nicolae_shop_peninsula,
          nicolae_shop_advertising_works [nicolae_subvault_shop_adworks], shop,
          nicolae_shop_overgrown_old_shop, minmay_misc_feat_rows,
          kennysheep_generic_room_8, uniq_jessica, uniq_sigmund,
          uniq_crazy_yiuf_cottage
D:4:      layout_layer_cave, grunt_temple_overflow_opulence,
          mainiacjoe_overflow_catch_the_wave, minmay_temple_entry_proselytizer,
          nicolae_goblin_pals
D:5:      layout_cave_pools, nicolae_overflow_crystal_walls,
          ebering_ghost_reflecting_pool, uniq_edmund

Skill      XL: |  1  2  3  4  5  6  7  8 |
---------------+-------------------------+-----
Dodging        | 2 3 4 5 |  5.1
Stealth        | 1 3 4 |  4.7
Ranged Weapons | 4 5 6 |  6.1
Fighting       | |  2.0

Action                     |  1- 3 |  4- 6 |  7- 9 || total
---------------------------+-------+-------+-------++-------
   Fire: Sling             |   100 |   195 |   244 ||   539
    Use: Scroll            |       |     6 |     6 ||    12
         Potion            |       |       |     1 ||     1
 Armour: Leather armour    |     9 |    22 |    26 ||    57
  Dodge: Dodged            |     8 |    17 |    27 ||    52

Table legend: (Time is in decaauts)
 A = Elapsed time spent in this place.
 B = Non-inter-level travel time spent in this place.
 C = Inter-level travel time spent in this place.
 D = Time resting spent in this place.
 E = Time spent auto-exploring this place.
 F = Levels seen in this place.
 G = Mean time per level.
                   A        B        C        D        E       F      G
               +--------+--------+--------+--------+--------+-----+--------+
         Total |   3631 |   3492 |    139 |    189 |   2653 |   5 |  726.2 |
       Dungeon |   3631 |   3492 |    139 |    189 |   2653 |   5 |  726.2 |
               +--------+--------+--------+--------+--------+-----+--------+

Top non-repeatable levels by time:
     D:3: 1103 daAuts
     D:4: 934 daAuts
     D:2: 791 daAuts
     D:1: 414 daAuts
     D:5: 388 daAuts
